[Event "Titled Tuesday Blitz June 21 Early 2022"]
[White "Samunenkov, Ihor"]
[Black "Polster, Christian"]
[WhiteFideId "14187086"]
[BlackFideId "12965081"]
[WhiteElo "2409"]
[BlackElo "2274"]
[Result "1-0"]
[Round "02"]
[TimeControl "180+1"]
[Date "2022.06.22"]
[WhiteClock "0:00:34"]
[BlackClock "0:00:06"]

1. e4 c5 2. Nf3 d6 3. d4 cxd4 4. Nxd4 Nf6 5. Nc3 a6 6. h3 e5 7. Nde2 b5 8. Nd5 Nbd7 9. Nec3 Bb7 10. a4 Nxd5 11. Nxd5 b4 12. a5 Nc5 13. Be3 Nxe4 14. Bb6 Qc8 15. Nc7+ Kd7 16. Bc4 Ke7 17. O-O Ng5 18. f4 Nxh3+ 19. gxh3 Qxh3 20. Nd5+ Bxd5 21. Qxd5 Qg3+ 22. Qg2 Qxg2+ 23. Kxg2 Rc8 24. Bxa6 Rxc2+ 25. Rf2 Rxf2+ 26. Kxf2 exf4 27. Bb7 Kf6 28. a6 Be7 29. a7 g5 30. a8=Q Rxa8 31. Bxa8 h5 32. Bd4+ Kf5 33. Ra5+ Kg4 34. Bf3+ Kh4 35. Kg2 g4 36. Bf2+ g3 37. Rxh5# 1-0


[Site "https://www.chess.com"]

[Event "Titled Tuesday Blitz June 21 Early 2022"]
[White "Sapunov, Evgeny"]
[Black "Pourkashiyan, Atousa"]
[WhiteFideId "4126661"]
[BlackFideId "12502014"]
[WhiteElo "2741"]
[BlackElo "2416"]
[Result "1-0"]
[Round "02"]
[TimeControl "180+1"]
[Date "2022.06.22"]
[WhiteClock "0:00:26"]
[BlackClock "0:00:05"]

1. c4 e5 2. Nf3 Nc6 3. Nc3 Nf6 4. e3 d5 5. cxd5 Nxd5 6. Bb5 Nxc3 7. bxc3 Bd6 8. d4 exd4 9. cxd4 O-O 10. O-O Bg4 11. h3 Bh5 12. Bb2 Re8 13. Bd3 Qf6 14. Rc1 Rad8 15. a3 Qe7 16. Re1 Bxa3 17. Bxh7+ Kxh7 18. Qd3+ Bg6 19. Qxa3 Qxa3 20. Bxa3 Kg8 21. Rc5 Be4 22. Rec1 Rd5 23. Nd2 Rxc5 24. Rxc5 f6 25. f3 Bg6 26. Kf2 Rd8 27. Rc3 Ne5 28. Ke2 Nc6 29. g4 Rd7 30. h4 Ne7 31. h5 Bf7 32. Bxe7 Rxe7 33. e4 c6 34. Ke3 Re8 35. f4 a5 36. f5 a4 37. Nb1 Ra8 38. e5 fxe5 39. dxe5 Bd5 40. Kd4 b5 41. Kc5 Rb8 42. Kb4 Kf7 43. Rc5 Bf3 44. g5 Bxh5 45. Rxc6 Rb7 46. Nc3 Bg4 47. g6+ Ke7 48. f6+ gxf6 49. exf6+ Kd7 50. Ra6 Bf5 51. f7 Ke7 52. Ra8 1-0


[Site "https://www.chess.com"]

[Event "Titled Tuesday Blitz June 21 Early 2022"]
[White "Sarana, Alexey"]
[Black "Cunha, Lucas Aguiar"]
[WhiteFideId "24133795"]
[BlackFideId "2125404"]
[WhiteElo "2666"]
[BlackElo "2328"]
[Result "1-0"]
[Round "02"]
[TimeControl "180+1"]
[Date "2022.06.21"]
[WhiteClock "0:00:40"]
[BlackClock "0:00:21"]

1. d4 Nf6 2. c4 e6 3. Nc3 Bb4 4. e3 O-O 5. Bd3 c5 6. Ne2 b6 7. d5 exd5 8. cxd5 Re8 9. O-O d6 10. e4 Ba6 11. Ng3 Bxc3 12. bxc3 c4 13. Bc2 Nbd7 14. Nf5 Nc5 15. f3 h6 16. Qd4 Nd3 17. Ba3 Nc5 18. Rae1 h5 19. Re3 g6 20. Ng3 Rc8 21. h3 h4 22. Ne2 Nh5 23. f4 Qf6 24. e5 Qg7 25. Rff3 dxe5 26. fxe5 Nd3 27. d6 Rxe5 28. d7 Rd8 29. Bxd3 Re4 30. Bxe4 1-0


[Site "https://www.chess.com"]

[Event "Titled Tuesday Blitz June 21 Early 2022"]
[White "Sethuraman, S.P."]
[Black "Domingo Nunez, Ruben"]
[WhiteFideId "5021596"]
[BlackFideId "22245570"]
[WhiteElo "2473"]
[BlackElo "2376"]
[Result "1-0"]
[Round "02"]
[TimeControl "180+1"]
[Date "2022.06.21"]
[WhiteClock "0:00:10"]
[BlackClock "0:00:05"]

1. d4 g6 2. e4 Bg7 3. Nc3 c6 4. f4 d5 5. e5 f6 6. Nf3 Nh6 7. Be2 Bg4 8. Be3 Nf5 9. Bf2 Bxf3 10. Bxf3 fxe5 11. dxe5 e6 12. g3 O-O 13. Qd2 Nd7 14. Ne2 Nh6 15. Bg2 Nb6 16. b3 Qe7 17. O-O Ng4 18. Bd4 c5 19. h3 Nh6 20. Bf2 Rad8 21. c3 Nf5 22. Rfe1 d4 23. c4 g5 24. fxg5 Bxe5 25. Nf4 Ne3 26. h4 Qd6 27. Nh5 Rf7 28. Nf6+ Bxf6 29. gxf6 Rxf6 30. Bxe3 dxe3 31. Qxe3 Qd4 32. Bh3 Qxe3+ 33. Rxe3 Kf7 34. Rae1 Rd6 35. R1e2 Nd7 36. Kh2 b6 37. Bg4 Nf8 38. h5 h6 39. Kh3 Rd4 40. Bf3 Rf5 41. g4 Rff4 42. Kg3 Rf6 43. Be4 Ke7 44. Bf5 Kd6 45. Be4 Nd7 46. Rf3 Rxf3+ 47. Bxf3 Ne5 48. Be4 Rd1 49. g5 hxg5 50. h6 Rf1 51. h7 Rf8 52. Rh2 Rh8 53. Rh5 Ke7 54. Rxg5 Kf7 55. Rxe5 Kf6 56. Rh5 1-0


[Site "https://www.chess.com"]

[Event "Titled Tuesday Blitz June 21 Early 2022"]
[White "Skliarov, Viktor"]
[Black "Grischuk, Alexander"]
[WhiteFideId "14106736"]
[BlackFideId "4126025"]
[WhiteElo "2229"]
[BlackElo "2762"]
[Result "0-1"]
[Round "02"]
[TimeControl "180+1"]
[Date "2022.06.21"]
[WhiteClock "0:00:06"]
[BlackClock "0:00:35"]

1. e4 e6 2. d4 d5 3. e5 c5 4. c3 Nc6 5. Nf3 Qb6 6. a3 c4 7. Nbd2 Na5 8. g3 Bd7 9. h4 O-O-O 10. Bh3 f5 11. exf6 gxf6 12. O-O h5 13. Re1 Nh6 14. Nf1 Kb8 15. Bf4+ Ka8 16. Qe2 Re8 17. Ne3 Qc6 18. Kh2 Bd6 19. Bxd6 Qxd6 20. b4 cxb3 21. c4 Nxc4 22. Nxc4 dxc4 23. Qxc4 Ng4+ 24. Kg1 Bc6 25. Bg2 Bd5 26. Qd3 Rhg8 27. Nd2 f5 28. Nc4 Qa6 29. Bxd5 exd5 30. Ne5 Nxe5 31. Qxf5 Nc6 32. Qxh5 Rd8 33. Rab1 Qc4 34. Rec1 Qd3 35. Rd1 Rxg3+ 36. fxg3 Qxg3+ 37. Kh1 Qh3+ 38. Kg1 Rg8+ 39. Qg5 Rxg5+ 40. hxg5 a6 41. Rd2 Qe3+ 42. Rf2 Qxg5+ 43. Kf1 Nxd4 0-1


[Site "https://www.chess.com"]

[Event "Titled Tuesday Blitz June 21 Early 2022"]
[White "Slugin, Sergey"]
[Black "Bortnyk, Olexandr"]
[WhiteFideId "4122569"]
[BlackFideId "14120828"]
[WhiteElo "2358"]
[BlackElo "2723"]
[Result "0-1"]
[Round "02"]
[TimeControl "180+1"]
[Date "2022.06.21"]
[WhiteClock "0:00:01"]
[BlackClock "0:00:24"]

1. c4 d6 2. Nc3 e5 3. Nf3 f5 4. d4 e4 5. Ng1 g6 6. h4 Nf6 7. Bf4 Bg7 8. e3 Be6 9. Nh3 h6 10. Be2 Nbd7 11. Bg3 Bf7 12. Qb3 O-O 13. Nd5 Rb8 14. Nhf4 c6 15. Nxf6+ Nxf6 16. h5 g5 17. Ng6 Re8 18. Qc2 b5 19. c5 f4 20. exf4 e3 21. fxg5 Ne4 22. O-O-O Nxg3 23. fxg3 Qxg5 24. Rdf1 dxc5 25. Rf5 Qxg3 26. Rxf7 Kxf7 27. Qb3+ c4 28. Bxc4+ bxc4 29. Qxc4+ Re6 30. Rf1+ Bf6 31. Ne5+ Ke7 32. Nxc6+ Kd7 33. Nxb8+ Qxb8 34. Qd5+ Ke7 35. Re1 Qb4 0-1


[Site "https://www.chess.com"]

[Event "Titled Tuesday Blitz June 21 Early 2022"]
[White "Snehal, Bhosale"]
[Black "Samaganova, Aleksandra"]
[WhiteFideId "5021995"]
[BlackFideId "13800221"]
[WhiteElo "2103"]
[BlackElo "1864"]
[Result "0-1"]
[Round "02"]
[TimeControl "180+1"]
[Date "2022.06.22"]
[WhiteClock "0:00:11"]
[BlackClock "0:00:05"]

1. d4 Nf6 2. c4 e6 3. Nc3 Bb4 4. Qc2 c5 5. dxc5 Bxc5 6. Nf3 O-O 7. Bg5 Be7 8. e3 a6 9. Bd3 h6 10. Bh4 Qc7 11. Rd1 d6 12. O-O Nbd7 13. Qe2 b6 14. Bb1 Bb7 15. Rd4 Rac8 16. b3 d5 17. Bg3 Qc6 18. Rc1 Bc5 19. cxd5 exd5 20. Rdd1 Qe6 21. Qb2 Qe7 22. Rc2 Ba3 23. Qa1 Nc5 24. Bh4 Rfd8 25. Rcd2 g5 26. Nxg5 hxg5 27. Bxg5 Qe5 28. Bf4 Qe6 29. Bg5 Qe5 30. Bf4 Qe6 31. Ne2 Nfe4 32. Nd4 Qg6 33. f3 Bb4 34. fxe4 Bxd2 35. Rxd2 dxe4 36. Rf2 Nd3 37. Rf1 Rc1 38. Rxc1 Nxc1 39. Qc3 Nd3 40. Qc7 Rc8 41. Bxd3 Rxc7 42. Bc4 b5 43. Bxc7 bxc4 44. bxc4 Bc6 45. c5 Bb5 46. Bd6 Qh6 47. Bf4 Qh5 48. Nxb5 axb5 49. c6 Qd1+ 50. Kf2 Qc2+ 51. Kg3 Qxc6 52. h4 Qc4 53. Kg4 Qxa2 54. h5 Qxg2+ 55. Kf5 Qf3 56. Ke5 Qxh5+ 57. Kd4 Qf3 58. Kc3 f5 59. Kb4 Qe2 60. Kc5 Qc4+ 0-1


[Site "https://www.chess.com"]

[Event "Titled Tuesday Blitz June 21 Early 2022"]
[White "So, Wesley"]
[Black "Tica, Sven"]
[WhiteFideId "5202213"]
[BlackFideId "14526948"]
[WhiteElo "2742"]
[BlackElo "2346"]
[Result "1-0"]
[Round "02"]
[TimeControl "180+1"]
[Date "2022.06.21"]
[WhiteClock "0:02:05"]
[BlackClock "0:01:31"]

1. e4 g6 2. d4 Bg7 3. Nc3 a6 4. Be3 b5 5. Qd2 Bb7 6. f3 d6 7. h4 h5 8. O-O-O Nd7 9. Nh3 Rc8 10. Ng5 e6 11. d5 e5 12. Kb1 Qe7 13. a4 b4 14. Na2 a5 15. Nc1 Ngf6 16. Nb3 Ra8 17. Nxa5 Rxa5 18. Qxb4 Ra8 19. Qxb7 O-O 20. Bb5 Nc5 21. Bxc5 dxc5 22. d6 1-0


[Site "https://www.chess.com"]

[Event "Titled Tuesday Blitz June 21 Early 2022"]
[White "Sovetbekova, Nurai"]
[Black "Bethke, Richard"]
[WhiteFideId "13801910"]
[BlackFideId "12959243"]
[WhiteElo "1646"]
[BlackElo "2509"]
[Result "0-1"]
[Round "02"]
[TimeControl "180+1"]
[Date "2022.06.22"]
[WhiteClock "0:00:05"]
[BlackClock "0:00:43"]

1. d4 Nf6 2. c4 e6 3. g3 d5 4. Bg2 Bb4+ 5. Nd2 O-O 6. Nf3 dxc4 7. O-O c3 8. Nb3 cxb2 9. Bxb2 Nc6 10. Rc1 a5 11. Qc2 Bd7 12. a3 Be7 13. Nc5 Bxc5 14. dxc5 Re8 15. Rfd1 e5 16. Ng5 Qe7 17. Rd2 h6 18. Ne4 Nxe4 19. Bxe4 Rad8 20. Rcd1 Bg4 21. Bxc6 bxc6 22. Rxd8 Rxd8 23. Rxd8+ Qxd8 24. Bxe5 Bh3 25. Qd3 Qe7 26. Bd4 Qe6 27. f3 Qa2 28. Bc3 a4 29. Kf2 Qb3 30. Qd4 f6 31. Qd8+ Kh7 32. Qd3+ Kg8 33. Qd8+ Kf7 34. Qxc7+ Kg6 35. Qa5 Qxa3 36. Bd2 Qa2 37. Be3 Qc4 38. Qb6 a3 39. Qxc6 a2 40. Qa8 Qb3 41. c6 Qb1 42. c7 Qf1# 0-1


[Site "https://www.chess.com"]

[Event "Titled Tuesday Blitz June 21 Early 2022"]
[White "Srbis, Jurica"]
[Black "Shuvalova, Polina"]
[WhiteFideId "14515555"]
[BlackFideId "24171760"]
[WhiteElo "2519"]
[BlackElo "2330"]
[Result "0-1"]
[Round "02"]
[TimeControl "180+1"]
[Date "2022.06.21"]
[WhiteClock "0:00:02"]
[BlackClock "0:00:05"]

1. e4 c6 2. Nc3 d5 3. Nf3 Bg4 4. h3 Bxf3 5. Qxf3 e6 6. Be2 Nf6 7. O-O Nbd7 8. d4 dxe4 9. Nxe4 Nxe4 10. Qxe4 Bd6 11. Bd3 Nf6 12. Qf3 Be7 13. c3 Qd5 14. Qe2 O-O 15. a4 Rfd8 16. Be3 c5 17. Rad1 Qb3 18. Bc2 Qb6 19. a5 Qc7 20. a6 Nd5 21. Bc1 bxa6 22. Qxa6 cxd4 23. Rxd4 Nb4 24. Rxd8+ Rxd8 25. Bxh7+ Kxh7 26. cxb4 Bxb4 27. Be3 Rd7 28. Ra1 Qe5 29. Qe2 Bd6 30. g3 a5 31. Rd1 g6 32. Qd2 Qb5 33. Bf4 e5 34. Be3 Rd8 35. Qd5 Qxd5 36. Rxd5 Bc7 37. Rc5 Rd7 38. Kg2 Kg7 39. Rb5 Kf6 40. h4 Ke6 41. Rb7 Bd8 42. Rb8 Bc7 43. Rb3 e4 44. Rb5 Rd5 45. Rb7 Be5 46. Rb6+ Rd6 47. Rb5 Ra6 48. b3 a4 49. bxa4 Rxa4 50. g4 Rc4 51. Rb6+ Ke7 52. Rb7+ Rc7 53. Rb5 Ke6 54. h5 gxh5 55. gxh5 f5 56. f4 exf3+ 57. Kxf3 Rc3 58. Ke2 f4 59. Bd2 Rh3 60. Rb6+ Kf5 61. h6 f3+ 62. Kf1 Bd4 63. Rb5+ Ke4 64. Be3 Bxe3 65. Rb4+ Bd4 66. Ke1 Rh1+ 67. Kd2 Rh2+ 68. Kd1 f2 69. Ke2 Rh1 70. h7 f1=Q+ 0-1


[Site "https://www.chess.com"]

[Event "Titled Tuesday Blitz June 21 Early 2022"]
[White "Starozhilov, Leonid"]
[Black "Andreikin, Dmitry"]
[WhiteFideId "14106752"]
[BlackFideId "4158814"]
[WhiteElo "2414"]
[BlackElo "2736"]
[Result "0-1"]
[Round "02"]
[TimeControl "180+1"]
[Date "2022.06.21"]
[WhiteClock "0:00:34"]
[BlackClock "0:02:03"]

1. e4 c5 2. Nf3 e6 3. c4 Nc6 4. d4 cxd4 5. Nxd4 Nf6 6. Nc3 Bb4 7. Nxc6 bxc6 8. Bd3 e5 9. O-O Bc5 10. Qe2 d6 11. Be3 Bg4 12. f3 Bxe3+ 13. Qxe3 Be6 14. c5 dxc5 15. Rfd1 Qd4 16. Kf2 Rb8 17. Rab1 O-O 18. Be2 Qb4 19. a3 Qa5 20. Rd2 Rb3 21. Rbd1 Rfb8 22. Qg5 c4 23. Qe3 h6 24. g4 Rxb2 25. Rxb2 Rxb2 26. h4 Bxg4 27. fxg4 0-1


[Site "https://www.chess.com"]

[Event "Titled Tuesday Blitz June 21 Early 2022"]
[White "Svane, Frederik"]
[Black "Taichman, Ori"]
[WhiteFideId "12923044"]
[BlackFideId "2804069"]
[WhiteElo "2459"]
[BlackElo "2227"]
[Result "1-0"]
[Round "02"]
[TimeControl "180+1"]
[Date "2022.06.21"]
[WhiteClock "0:00:11"]
[BlackClock "0:00:01"]

1. e4 c5 2. Nf3 Nc6 3. Bb5 d6 4. O-O Bd7 5. c3 Nf6 6. d4 Nxe4 7. d5 Ne5 8. Na3 Nxf3+ 9. Qxf3 Nf6 10. Bg5 a6 11. Bxd7+ Nxd7 12. Rfe1 b5 13. c4 Ne5 14. Rxe5 dxe5 15. d6 Ra7 16. cxb5 f6 17. bxa6 Qxd6 18. Nb5 Qxa6 19. Nxa7 Qxa7 20. Be3 e6 21. Rd1 Be7 22. Qc6+ Kf7 23. a4 Qa8 24. Qxa8 Rxa8 25. Ra1 c4 26. Kf1 Bb4 27. Ke2 Ke7 28. Rc1 c3 29. bxc3 Bd6 30. Ra1 Kd7 31. a5 Ra6 32. c4 Bc7 33. Bd2 Kc6 34. Kd3 f5 35. f3 Bd6 36. Rb1 Bc7 37. Rb5 g6 38. Bb4 h5 39. Rc5+ Kd7 40. Bc3 h4 41. h3 g5 42. Rb5 Kc6 43. Bd2 Bd8 44. Rxe5 Kd7 45. Rb5 Bf6 46. Be3 e5 47. Rb6 Rxb6 48. Bxb6 Kc6 49. c5 Kb5 50. Ke3 Be7 51. Bc7 Bxc5+ 52. Kd3 Bd4 53. Bd8 g4 54. hxg4 fxg4 55. fxg4 Bb2 56. g5 e4+ 57. Kxe4 Kc6 58. Bf6 Bc1 59. g6 Bh6 60. g7 1-0


[Site "https://www.chess.com"]

[Event "Titled Tuesday Blitz June 21 Early 2022"]
[White "Svane, Rasmus"]
[Black "Mindlin, Alon"]
[WhiteFideId "4657101"]
[BlackFideId "2800071"]
[WhiteElo "2674"]
[BlackElo "2390"]
[Result "1-0"]
[Round "02"]
[TimeControl "180+1"]
[Date "2022.06.21"]
[WhiteClock "0:00:09"]
[BlackClock "0:00:20"]

1. Nf3 Nf6 2. g3 b6 3. Bg2 Bb7 4. O-O e6 5. c4 Be7 6. d4 O-O 7. Re1 d5 8. cxd5 exd5 9. Nc3 Nbd7 10. Bf4 a6 11. Rc1 Rc8 12. Ne5 c5 13. dxc5 Nxc5 14. Nf3 Nce4 15. Nd4 Bc5 16. Bh3 Ra8 17. Nxe4 dxe4 18. Nb3 Bb4 19. Rf1 Bc8 20. Bxc8 Rxc8 21. a3 Rxc1 22. Qxc1 Qd5 23. Qc2 Be7 24. Rd1 Qh5 25. Kg2 h6 26. h3 Rd8 27. Rxd8+ Bxd8 28. Qc8 Qd5 29. Bc7 e3+ 30. f3 Qxb3 31. Bxd8 Nd5 32. Qxa6 Qxb2 33. Qd3 Nc3 34. Qxe3 Nxe2 35. Qf2 b5 36. Be7 Qc2 37. Bb4 g5 38. Kf1 Qd1+ 39. Qe1 Qxe1+ 40. Bxe1 Nd4 41. Kf2 f5 42. Bc3 Nc6 43. Ke3 Kf7 44. g4 Ke6 45. Bg7 Na5 46. Bxh6 Nc4+ 47. Kd3 Nxa3 48. Bxg5 Nc4 49. Bf4 Nb6 50. h4 Nd5 51. Bg5 fxg4 52. fxg4 Ke5 53. h5 Ke6 54. Kd4 b4 55. Kc4 Nc3 56. Be3 Ne4 57. Kxb4 Kf7 58. g5 Nf6 59. gxf6 Kxf6 60. Kc4 Kg7 61. Kd5 Kh7 62. Ke4 Kg7 63. Kf5 Kf7 64. Kg5 Kg7 65. h6+ Kh7 66. Kh5 Kg8 67. Kg6 Kh8 68. Bd4+ Kg8 69. h7+ Kf8 70. h8=Q+ Ke7 71. Bg7 1-0


[Site "https://www.chess.com"]

[Event "Titled Tuesday Blitz June 21 Early 2022"]
[White "Szente Varga, Fruzsina"]
[Black "Tasev, Dejan"]
[WhiteFideId "712264"]
[BlackFideId "936618"]
[WhiteElo "1994"]
[BlackElo "2253"]
[Result "0-1"]
[Round "02"]
[TimeControl "180+1"]
[Date "2022.06.22"]
[WhiteClock "0:00:18"]
[BlackClock "0:00:10"]

1. e4 c6 2. d4 d5 3. Nc3 dxe4 4. Nxe4 Bf5 5. Ng3 Bg6 6. Bc4 Nf6 7. N1e2 Nbd7 8. O-O e6 9. f4 Bd6 10. c3 b5 11. Bb3 O-O 12. f5 exf5 13. Nxf5 Nb6 14. Bg5 Nbd5 15. Bxd5 cxd5 16. Nxg7 Kxg7 17. Bxf6+ Qxf6 18. Rxf6 Kxf6 19. Qb3 Be4 20. Rf1+ Kg7 21. Nf4 Bxf4 22. Rxf4 a6 23. Qd1 f5 24. Qh5 Kg8 25. g4 fxg4 26. Rxg4+ Bg6 27. Qxd5+ Kg7 28. h4 Rae8 29. h5 Re1+ 30. Kg2 Re2+ 31. Kg3 Re3+ 32. Kh4 Rff3 33. Qd7+ Kh6 34. Rxg6+ hxg6 35. hxg6 Rf4+ 36. Qg4 Rxg4+ 37. Kxg4 Re2 38. g7 Kxg7 39. b4 Kf7 40. Kf4 Ke6 0-1


[Site "https://www.chess.com"]

[Event "Titled Tuesday Blitz June 21 Early 2022"]
[White "Terry, Renato"]
[Black "Clasby, Derek"]
[WhiteFideId "3803457"]
[BlackFideId "30932300"]
[WhiteElo "2577"]
[BlackElo "2013"]
[Result "1-0"]
[Round "02"]
[TimeControl "180+1"]
[Date "2022.06.21"]
[WhiteClock "0:00:02"]
[BlackClock "0:00:09"]

1. d4 Nf6 2. Bg5 e6 3. e4 h6 4. Bxf6 Qxf6 5. c3 d6 6. Bd3 g5 7. Ne2 Bg7 8. Ng3 Qe7 9. Nh5 Rg8 10. e5 Kf8 11. Qe2 dxe5 12. Nxg7 Kxg7 13. Qxe5+ f6 14. Qe4 Kf8 15. Nd2 Nc6 16. O-O-O Bd7 17. Rde1 Re8 18. Qf3 Kg7 19. h4 Rh8 20. Qe4 Qf7 21. f4 g4 22. h5 f5 23. Qe2 Qf6 24. Nb3 b6 25. Nd2 Re7 26. Bb5 Rd8 27. Nb3 a5 28. Qc4 a4 29. Bxa4 Na5 30. Nxa5 Bxa4 31. Qxa4 Ra8 32. Re5 c5 33. dxc5 Rxa5 34. Qb3 bxc5 35. g3 c4 36. Qb4 Rxe5 37. fxe5 Qg5+ 38. Kb1 Rd7 39. Qxc4 Qe3 40. a4 Qxe5 41. Qb5 Qe4+ 42. Ka2 Rb7 43. Re1 Rxb5 44. Rxe4 fxe4 45. axb5 e3 46. b6 e2 47. b7 e1=Q 48. b8=Q Qe4 49. Qc7+ Kf6 50. b4 Qc2+ 51. Ka3 Qc1+ 52. Ka4 Qa1+ 53. Kb5 Qa8 54. Kb6 Qf3 55. b5 Qe3+ 56. Kb7 e5 57. b6 Qxg3 58. Qd6+ Kf5 59. Qd7+ Kf4 60. Qf7+ Ke4 61. Qc4+ Kf5 62. Ka8 Qe1 63. b7 Qa1+ 64. Kb8 g3 65. Kc8 g2 66. Qf7+ Ke4 67. Qc4+ Kf3 68. b8=Q g1=Q 69. Qb7+ Kg3 70. Qg7+ Kh2 71. Qh4# 1-0


[Site "https://www.chess.com"]

[Event "Titled Tuesday Blitz June 21 Early 2022"]
[White "Timofeev, Artyom"]
[Black "Florescu, Codrut-Constantin"]
[WhiteFideId "4140419"]
[BlackFideId "1202200"]
[WhiteElo "2578"]
[BlackElo "2191"]
[Result "1-0"]
[Round "02"]
[TimeControl "180+1"]
[Date "2022.06.21"]
[WhiteClock "0:00:17"]
[BlackClock "0:00:07"]

1. e4 c5 2. Nc3 e6 3. d4 cxd4 4. Qxd4 Nc6 5. Qd3 a6 6. Bf4 Bb4 7. O-O-O Qa5 8. Nge2 Nf6 9. a3 Be7 10. h4 b5 11. e5 Ng4 12. Qg3 h5 13. f3 b4 14. fxg4 bxc3 15. Qxc3 hxg4 16. g3 Qxc3 17. Nxc3 g5 18. Be3 Nxe5 19. Bg2 Rb8 20. hxg5 Rxh1 21. Rxh1 Ng6 22. Be4 Bb7 23. Bxb7 Rxb7 24. Ne4 d5 25. Nf6+ Bxf6 26. gxf6 e5 27. Rh7 d4 28. Bg5 e4 29. b4 Rb5 30. Bd2 e3 31. Be1 Rf5 32. Kd1 Rxf6 33. Ke2 Ne5 34. c3 dxc3 35. Bxc3 Re6 36. a4 Nc4 37. Rg7 f5 38. Bd4 Re4 39. Bc5 Nb2 40. a5 Na4 41. Bxe3 Nc3+ 42. Kd3 Nd5 43. Bd2 Nf6 44. Rb7 Nh5 45. b5 axb5 46. a6 Ra4 47. a7 Nxg3 48. Rb8+ Kd7 49. a8=Q Rxa8 50. Rxa8 Ne4 51. Be3 Ke6 52. Kd4 Nd6 53. Ra6 Kd7 54. Kd5 Nf7 55. Bf4 Ke8 56. Ra7 b4 57. Ke6 Nd8+ 58. Kf6 Nc6 59. Rc7 Nd4 60. Be5 Nf3 61. Bd6 Kd8 62. Rb7 g3 63. Bxg3 b3 64. Rxb3 Nd4 65. Rd3 Kc8 66. Rxd4 1-0


[Site "https://www.chess.com"]

[Event "Titled Tuesday Blitz June 21 Early 2022"]
[White "Tisaj, Domen"]
[Black "Kozelov, Roman"]
[WhiteFideId "14628708"]
[BlackFideId "14133377"]
[WhiteElo "2326"]
[BlackElo "2149"]
[Result "1-0"]
[Round "02"]
[TimeControl "180+1"]
[Date "2022.06.22"]
[WhiteClock "0:00:28"]
[BlackClock "0:01:16"]

1. d4 d5 2. c4 c6 3. Nc3 e6 4. Nf3 Be7 5. e4 dxe4 6. Nxe4 Nd7 7. Bd3 Ngf6 8. Ng3 b6 9. O-O Bb7 10. Qe2 O-O 11. Bg5 c5 12. dxc5 Nxc5 13. Bc2 Qc7 14. b4 Ncd7 15. Rad1 Bxb4 16. Nd4 Rfe8 17. Nh5 Nxh5 18. Qxh5 Nf8 19. Rd3 Qxc4 20. Rh3 h6 21. Bxh6 Ng6 22. Bg5 f6 23. Bxg6 Kf8 24. Qh8+ Ke7 25. Qxg7+ Kd6 26. Bxe8 Rxe8 27. Qxb7 fxg5 28. Rd1 Bd2 29. Nb3 Ke5 30. Nxd2 Qe2 31. Nf3+ Kf6 32. Rh6+ Kf5 33. Qf7+ 1-0


[Site "https://www.chess.com"]

[Event "Titled Tuesday Blitz June 21 Early 2022"]
[White "Topalov, Aleksandar"]
[Black "Csonka, Balazs"]
[WhiteFideId "925659"]
[BlackFideId "742910"]
[WhiteElo "2378"]
[BlackElo "2739"]
[Result "0-1"]
[Round "02"]
[TimeControl "180+1"]
[Date "2022.06.22"]
[WhiteClock "0:01:36"]
[BlackClock "0:01:22"]

1. b3 d5 2. Bb2 Bg4 3. g3 c6 4. Bg2 Nd7 5. Nf3 Ngf6 6. O-O e6 7. d3 Bd6 8. Nbd2 O-O 9. h3 Bh5 10. e4 e5 11. Qe1 Re8 12. Nh4 Bb4 13. a3 Ba5 14. b4 Bb6 15. Nf5 Bg6 16. Nb3 Bxf5 17. exf5 e4 18. dxe4 Nxe4 19. Bxe4 Rxe4 20. Qd2 Ne5 21. Bxe5 Rxe5 22. Rae1 Qf6 23. Rxe5 Qxe5 24. Re1 Qxg3+ 0-1


[Site "https://www.chess.com"]

[Event "Titled Tuesday Blitz June 21 Early 2022"]
[White "Tregubov, Pavel V."]
[Black "Ibrahimli, Murad"]
[WhiteFideId "4115341"]
[BlackFideId "13410229"]
[WhiteElo "2341"]
[BlackElo "2109"]
[Result "1/2-1/2"]
[Round "02"]
[TimeControl "180+1"]
[Date "2022.06.21"]
[WhiteClock "0:00:04"]
[BlackClock "0:00:11"]

1. e4 c5 2. Nf3 d6 3. Bb5+ Nd7 4. Ba4 Nf6 5. O-O e6 6. Re1 Be7 7. c3 O-O 8. d4 cxd4 9. cxd4 d5 10. e5 Ne4 11. Bc2 b5 12. Bxe4 dxe4 13. Rxe4 Bb7 14. Re1 b4 15. Nbd2 Nb6 16. Ne4 h6 17. Ng3 Rc8 18. Be3 Nc4 19. b3 Na3 20. Rc1 Rxc1 21. Qxc1 Bxf3 22. gxf3 Nb5 23. Qd2 Nc3 24. f4 Qd7 25. a4 Rd8 26. Qd3 g6 27. f5 exf5 28. Bxh6 Qxd4 29. Qxd4 Rxd4 30. Be3 Rd7 31. Ne2 Nd5 32. Rd1 g5 33. Bxa7 Kf8 34. Bd4 Nc7 35. Rc1 Ne6 36. Rc8+ Kg7 37. Rc4 f4 38. f3 g4 39. Kf2 Nxd4 40. Nxd4 Rxd4 41. Rxd4 Bc5 42. fxg4 Bxd4+ 43. Kf3 Bxe5 44. a5 Kg6 45. a6 Bb8 46. h4 f5 47. g5 Kh5 48. Kg2 Kg6 49. Kf3 Kh5 50. Kg2 Kg6 51. Kf3 1/2-1/2


[Site "https://www.chess.com"]

[Event "Titled Tuesday Blitz June 21 Early 2022"]
[White "Veiga, Jose Francisco R P Neves"]
[Black "Schmakel, Sam"]
[WhiteFideId "1930087"]
[BlackFideId "2039311"]
[WhiteElo "2326"]
[BlackElo "2356"]
[Result "0-1"]
[Round "02"]
[TimeControl "180+1"]
[Date "2022.06.22"]
[WhiteClock "0:00:37"]
[BlackClock "0:00:32"]

1. e4 c5 2. Nf3 e6 3. b3 Nf6 4. Qe2 Be7 5. Bb2 O-O 6. g3 d5 7. d3 Nc6 8. Bg2 d4 9. O-O e5 10. c3 Bg4 11. h3 Bh5 12. Na3 Nd7 13. Rac1 dxc3 14. Bxc3 Nd4 15. Bxd4 cxd4 16. Nc4 b5 17. Ncd2 Ba3 18. Rc6 Rc8 19. Rxc8 Qxc8 20. g4 Bg6 21. Nb1 Bb4 22. Qb2 Bc3 23. Qc2 b4 24. Rc1 f6 25. Nfd2 Nc5 26. Nc4 Ne6 27. Nxc3 dxc3 28. Ne3 Rd8 29. Nd5 Qb7 30. a3 Nd4 31. Qa2 a5 32. axb4 axb4 33. Ra1 Bf7 34. Qa5 Rb8 35. Ne3 Nxb3 36. Qa7 Nxa1 37. Qxa1 b3 38. Qxc3 b2 0-1


[Site "https://www.chess.com"]

[Event "Titled Tuesday Blitz June 21 Early 2022"]
[White "Vifleemskaia, Svetlana"]
[Black "Espinosa Veloz, Ermes"]
[WhiteFideId "4129490"]
[BlackFideId "3507424"]
[WhiteElo "1929"]
[BlackElo "2333"]
[Result "1/2-1/2"]
[Round "02"]
[TimeControl "180+1"]
[Date "2022.06.22"]
[WhiteClock "0:00:05"]
[BlackClock "0:00:01"]

1. d4 d5 2. c4 c6 3. cxd5 cxd5 4. Bf4 Nf6 5. Nc3 Nc6 6. e3 a6 7. Bd3 e6 8. Rc1 Bd6 9. Bxd6 Qxd6 10. f4 O-O 11. Nf3 Bd7 12. O-O Rfc8 13. Ne5 Ne7 14. g4 g6 15. g5 Nh5 16. Be2 Ng7 17. h4 Nef5 18. Qd2 Nxh4 19. Kf2 Bb5 20. Rh1 Bxe2 21. Qxe2 Nhf5 22. Ng4 h5 23. gxh6 Nh5 24. Rxh5 gxh5 25. Nf6+ Kh8 26. Qxh5 Qe7 27. Nfxd5 exd5 28. Qxf5 Qh4+ 29. Ke2 Rg8 30. Nxd5 Rae8 31. Rc7 Rg1 32. Rxf7 Qe1+ 33. Kd3 Qb1+ 34. Kc3 Rc1+ 35. Kb3 Qxf5 36. Rxf5 Rh1 37. Re5 Rf8 38. Nc3 Rxh6 39. d5 Rb6+ 40. Kc2 Kg7 41. f5 Rh8 42. Re6 Rh2+ 43. Kd3 Rbxb2 44. Ne4 Rxa2 45. d6 Ra1 46. Kd4 Rd1+ 47. Ke5 Kf7 48. Re7+ Kf8 49. Nf6 Rhd2 50. Re8+ Kf7 51. Re7+ Kf8 52. Re8+ Kf7 53. Re7+ Kf8 1/2-1/2


[Site "https://www.chess.com"]

[Event "Titled Tuesday Blitz June 21 Early 2022"]
[White "Wachinger, Guenther"]
[Black "Sanchez, Robert"]
[WhiteFideId "4604261"]
[BlackFideId "2034360"]
[WhiteElo "2212"]
[BlackElo "2013"]
[Result "1-0"]
[Round "02"]
[TimeControl "180+1"]
[Date "2022.06.22"]
[WhiteClock "0:02:31"]
[BlackClock "0:02:51"]

1. c4 e6 2. b3 d5 3. e3 Nf6 4. Bb2 Be7 5. Nf3 O-O 6. Nc3 c6 7. Be2 Nbd7 8. O-O Re8 9. d4 Bd6 10. Bd3 dxc4 11. bxc4 e5 12. dxe5 Nxe5 13. Nxe5 Bxe5 14. Qc2 Bxh2+ 15. Kxh2 Ng4+ 16. Kg1 Qh4 17. Rfd1 Qh2+ 18. Kf1 Rxe3 19. Bxh7+ Kh8 20. Rd8+ 1-0


[Site "https://www.chess.com"]